 Dungeon Sprint DCSS version 0.17-a0-2127-g1cb09f6 (webtiles) character file.

41116 Kidiri the Unseen (level 13, -13/61 HPs)
             Began as a Spriggan Enchanter on Oct 23, 2015.
             Was the Champion of Dithmenos.
             Killed from afar by a deep elf annihilator (42 damage)
             ... with a bolt of lightning
             ... in the Dungeon (Sprint III: "The Ten Rune Challenge").
             The game lasted 00:24:25 (5420 turns).

Kidiri the Unseen (Spriggan Enchanter)              Turns: 5420, Time: 00:24:25

Health: -13/61     AC:  4    Str:  4    XL:     13   Next: 8%
Magic:  5/32       EV: 36    Int: 20    God:    Dithmenos [******]
Gold:   994        SH:  0    Dex: 20    Spells: 8 memorised, 21 levels left

rFire  . . .     SeeInvis +     a - +1 dagger
rCold  + + .     Clarity  .     b - +1 robe
rNeg   . . .     SustAt   .     (shield restricted)
rPois  +         Gourm    .     d - +0 hat
rElec  .         Spirit   .     A - +0 cloak (curse)
rCorr  .         Warding  .     (gloves unavailable)
rMut   .         NoTele   +     (boots unavailable)
MR     ++...                    (no amulet)
Stlth  ++++++++++               (no ring)
                                k - ring of protection from cold (curse)

@: wreathed by umbra, very quick, very resistant to hostile enchantments,
uncannily stealthy
A: unfitting armour, repulsion field 1, see invisible, clever 1, cold resistance
1, herbivore 3, speed 3, frail 1, poison resistance, slow metabolism 2
a: Shadow Step, Shadow Form, Renounce Religion
}: 1/10 runes: barnacled


You were in the Dungeon.
You worshipped Dithmenos.
Dithmenos was exalted by your worship.
You were not hungry.

You visited 1 branch You collected 994 gold pieces.

Inventory:

Hand Weapons
 a - a +1 dagger (weapon)
 m - a +0 hand axe
 p - a +0 long sword
 r - a +0 short sword
 y - a cursed +0 shortbow
 C - a +2 long sword of holy wrath
 D - a +0 short sword
 E - a +0 short sword
Missiles
 l - 10 throwing nets (quivered)
 z - 14 arrows
Armour
 b - a +1 robe (worn)
 d - a +0 hat (worn)
 f - a +0 leather armour
 n - a +0 leather armour
 o - a +0 robe of fire resistance
 A - a cursed +0 cloak (worn)
Jewellery
 k - a cursed ring of protection from cold (left hand)
Wands
 B - a wand of confusion (18)
Scrolls
 j - a scroll of blinking
 q - a scroll of holy word {unknown}
 s - a scroll of remove curse {unknown}
 w - a scroll of torment {unknown}
 x - 2 scrolls of random uselessness {unknown}
Potions
 e - 5 potions of curing
 g - a potion of haste
 h - a potion of magic
 i - 2 potions of berserk rage
 u - 2 potions of cure mutation
 v - a potion of flight {unknown}
 G - a potion of ambrosia {unknown}
 H - a potion of might
Comestibles
 c - 24 royal jellies
 t - 12 fruits


   Skills:
 + Level 7.8 Fighting
 * Level 13.6 Short Blades
 + Level 7.1 Armour
 * Level 17.2 Dodging
 * Level 18.7 Stealth
 * Level 14.8 Spellcasting
 + Level 7.2 Conjurations
 + Level 11.3 Hexes
 + Level 11.5 Charms
 + Level 7.6 Necromancy
 + Level 11.8 Translocations
 + Level 7.5 Ice Magic
 - Level 2.5 Invocations


You had 21 spell levels left.
You knew the following spells:

 Your Spells              Type           Power        Failure   Level  Hunger
a - Corona                Hex            ######.      1%          1    None
b - Ensorcelled Hibernat  Hex/Ice        ######       1%          2    None
c - Confuse               Hex            ######..     1%          3    None
d - Tukima's Dance        Hex            ######..     1%          3    None
e - Dazzling Spray        Conj/Hex       ######..     1%          3    None
f - Shroud of Golubria    Chrm/Tloc      ######....   1%          2    None
g - Regeneration          Chrm/Necr      ######....   1%          3    None
h - Spectral Weapon       Hex/Chrm       ######..     1%          3    None


Dungeon Overview and Level Annotations

Branches:
Dungeon (1/1)

Altars:
Cheibriados
Dithmenos
Elyvilon
Fedhas
Gozag
Kikubaaqudgha
Makhleb
Nemelex Xobeh
Okawaru
Qazlal
Ru
Sif Muna
Trog
Vehumet
Xom
Yredelemnul
Zin
The Shining One
Jiyva
Lugonu

Shops:
D }[!=(=


Innate Abilities, Weirdness & Mutations

You are tiny and cannot use many weapons and most armour.
You have supernaturally acute eyesight.
You are a herbivore.
You cover ground extremely quickly.
You need consume almost no food.
You are surrounded by a mild repulsion field (EV +2).
Your mind is acute. (Int +2)
Your flesh is cold resistant.
You are frail (-10% HP).
Your system is resistant to poisons.


Message History

Items here: %% ÷÷ a chunk of flesh; an elf skeleton; 2 chunks of flesh; an elf skeleton Unknown command.
There is an open door to the Elven Halls here.
There is an open door here.
You see here 2 arrows.
Things that are here:
a short sword; an arrow; a long sword of holy wrath
C - a long sword of holy wrath;
D - a short sword;
z - 12 arrows (gained 1)
You see here a short sword.
E - a short sword
There is an open door here.
You see here 2 arrows.
z - 14 arrows (gained 2)
The deep elf annihilator gestures at you while chanting.
The bolt of lightning misses you.
The deep elf annihilator casts a spell at you.
The bolt of lightning hits you!
Ouch! That really hurt!
You die...

▓▓▓▓▓▓▓▓▓▓ ####.#.#..#%#######
## _##.#..#.#..'.#...# e..
_#.........##.#...##≈≈≈
##.....%..###.#...≈≈≈..
.#÷........##.#...##≈
.#%##∩.#....#.'.@.#
'#.##.##..#########
.#+###########################
.#.÷..#.#.#....%#......+...≈≈#
.##÷#..#.##.###.#......#...≈≈###
.'##.#.#.##.#..##......#...≈≈≈≈#
.#...#..#..##..+.......#...≈≈≈≈#
▓▓▓▓▓▓▓▓▓▓▓▓▓▓▓#.......#.......#
≈........≈≈≈...#.......#.......#


You could see a deep elf annihilator.

Vanquished Creatures
  Rupert (D)
  A kraken (D)
  Gastronok (D)
  2 dire elephants (D)
  Erolcha (D)
  2 hydras (D)
  An alligator snapping turtle (D)
  4 death yaks (D)
  2 deep elf knights (D)
  An orc high priest (D)
  2 death drakes (D)
  A spriggan druid (D)
  An orc knight (D)
  A deep elf summoner (D)
  A lindwurm (D)
  2 elephants (D)
  2 black mambas (D)
  2 spiny frogs (D)
  A fire drake (D)
  3 wandering mushrooms (D)
  A komodo dragon (D)
  3 deep elf priests (D)
  A queen bee (D)
  8 blink frogs (D)
  5 snapping turtles (D)
  A shadow (D)
  2 spriggans (D)
  2 trapdoor spiders (D)
  4 redbacks (D)
  2 hill giants (D)
  A spatial vortex (D)
  2 orc warriors (D)
  A swamp drake (D)
  A necrophage (D)
  2 brain worms (D)
  3 two-headed ogres (D)
  A water elemental (D)
  32 killer bees (D)
  An electric eel (D)
  A wizard (D)
  3 orc priests (D)
  Crazy Yiuf (D)
  A jelly (D)
  2 orc wizards (D)
  Jessica (D)
  A necromancer (D)
  3 humans (D)
  A kobold demonologist (D)
  An ooze (D)
  2 orcs (D)
  2 rats (D)
  7 plants (D)
131 creatures vanquished.

Vanquished Creatures (collateral kills)
  Maud (D)
  2 orc warriors (D)
  5 orcs (D)
8 creatures vanquished.

Vanquished Creatures (others)
  2 draconian scorchers (D)
  2 dancing weapons (D)
  3 yaktaurs (D)
  15 plants (D)
  4 tentacles (D)
  5 tentacle segments (D)
31 creatures vanquished.

Grand Total: 170 creatures vanquished

Notes
Turn   | Place    | Note
--------------------------------------------------------------
     0 | D        | Kidiri the Spriggan Enchanter began the quest for the Orb.
     0 | D        | Reached XP level 1. HP: 9/9 MP: 5/5
    11 | D        | Reached skill level 5 in Stealth
    30 | D        | Noticed Jessica
    34 | D        | Killed Jessica
    34 | D        | Reached skill level 1 in Fighting
    34 | D        | Reached skill level 1 in Armour
    34 | D        | Reached skill level 6 in Stealth
    34 | D        | Reached XP level 2. HP: 12/14 MP: 6/8
    34 | D        | Reached XP level 3. HP: 15/18 MP: 6/9
    86 | D        | Killed a yaktaur
    90 | D        | Learned a level 2 spell: Ensorcelled Hibernation
    94 | D        | Learned a level 3 spell: Confuse
    98 | D        | Learned a level 3 spell: Dazzling Spray
    99 | D        | Noticed Crazy Yiuf
   109 | D        | Killed Crazy Yiuf
   109 | D        | Reached skill level 5 in Dodging
   175 | D        | Reached skill level 7 in Stealth
   175 | D        | Reached XP level 4. HP: 22/22 MP: 6/11
   176 | D        | Killed a yaktaur
   182 | D        | Learned a level 3 spell: Tukima's Dance
   196 | D        | Killed a white draconian scorcher
   197 | D        | Gained mutation: You are frail (-10% HP). [potion of mutation]
   197 | D        | Gained mutation: Your flesh is cold resistant. [potion of mutation]
   197 | D        | Gained mutation: You are surrounded by a mild repulsion field (EV +2). [potion of mutation]
   198 | D        | Gained mutation: Your mind is acute. (Int +2) [potion of mutation]
   198 | D        | Gained mutation: Your system is resistant to poisons. [potion of mutation]
   212 | D        | Killed a white draconian scorcher
   222 | D        | Noticed a water elemental
   225 | D        | Killed a water elemental
   225 | D        | Reached skill level 8 in Stealth
   225 | D        | Reached skill level 5 in Spellcasting
   225 | D        | Reached skill level 1 in Conjurations
   225 | D        | Reached skill level 1 in Ice Magic
   225 | D        | Reached XP level 5. HP: 21/23 MP: 12/14
   251 | D        | Noticed a jelly
   252 | D        | Noticed a shadow
   254 | D        | Killed a shadow
   254 | D        | Reached skill level 5 in Short Blades
   254 | D        | Reached skill level 9 in Stealth
   254 | D        | Reached skill level 5 in Hexes
   254 | D        | Reached XP level 6. HP: 26/28 MP: 14/16
   258 | D        | Killed a jelly
   277 | D        | Found a stormy altar of Qazlal.
   278 | D        | Found a sacrificial altar of Ru.
   278 | D        | Found a burning altar of Makhleb.
   278 | D        | Found a viscous altar of Jiyva.
   278 | D        | Found a shimmering altar of Xom.
   278 | D        | Found a shadowy altar of Dithmenos.
   278 | D        | Found a sparkling altar of Nemelex Xobeh.
   278 | D        | Found a corrupted altar of Lugonu.
   278 | D        | Found an opulent altar of Gozag.
   278 | D        | Noticed a spatial vortex
   282 | D        | Became a worshipper of Dithmenos the Shadowed
   284 | D        | Killed a spatial vortex
   284 | D        | Reached skill level 10 in Stealth
   284 | D        | Reached skill level 1 in Invocations
   347 | D        | Found a radiant altar of Vehumet.
   348 | D        | Found a deep blue altar of Sif Muna.
   348 | D        | Found an ancient bone altar of Kikubaaqudgha.
   348 | D        | Noticed a wizard
   349 | D        | Killed a wizard
   351 | D        | Reached * piety under Dithmenos
   374 | D        | Learned a level 2 spell: Shroud of Golubria
   378 | D        | Learned a level 3 spell: Regeneration
   424 | D        | Found a glowing silver altar of Zin.
   425 | D        | Found a glowing golden altar of the Shining One.
   425 | D        | Found a white marble altar of Elyvilon.
   425 | D        | Noticed a deep elf priest
   427 | D        | Killed a deep elf priest
   427 | D        | Reached skill level 1 in Charms
   427 | D        | Reached skill level 1 in Necromancy
   427 | D        | Reached skill level 1 in Translocations
   427 | D        | Reached XP level 7. HP: 32/32 MP: 17/19
   439 | D        | Killed a yaktaur
   443 | D        | Found an iron altar of Okawaru.
   444 | D        | Found a bloodstained altar of Trog.
   444 | D        | Noticed a human
   444 | D        | Noticed a human
   448 | D        | Killed a human
   448 | D        | Reached skill level 11 in Stealth
   451 | D        | Killed a human
   451 | D        | Reached skill level 10 in Dodging
   512 | D        | Learned a level 3 spell: Spectral Weapon
   512 | D        | Found a snail-covered altar of Cheibriados.
   512 | D        | Noticed a necrophage
   513 | D        | Found a basalt altar of Yredelemnul.
   513 | D        | Found a blossoming altar of Fedhas.
   513 | D        | Noticed a necromancer
   514 | D        | Killed a necrophage
   514 | D        | Reached ** piety under Dithmenos
   514 | D        | Reached XP level 8. HP: 35/37 MP: 21/21
   515 | D        | Killed a necromancer
   534 | D        | Noticed a two-headed ogre
   534 | D        | Noticed a two-headed ogre
   539 | D        | Killed a two-headed ogre
   541 | D        | Killed a two-headed ogre
   541 | D        | Reached *** piety under Dithmenos
   545 | D        | Noticed a two-headed ogre
   546 | D        | Killed a two-headed ogre
   552 | D        | Noticed a hill giant
   555 | D        | Killed a hill giant
   644 | D        | Noticed a hill giant
   644 | D        | Noticed Erolcha
   646 | D        | Killed Erolcha
   646 | D        | Reached skill level 12 in Stealth
   646 | D        | Reached skill level 5 in Charms
   646 | D        | Reached skill level 5 in Translocations
   646 | D        | Reached XP level 9. HP: 41/41 MP: 23/23
   647 | D        | Killed a hill giant
   754 | D        | Noticed a redback
   757 | D        | Killed a redback
   757 | D        | Reached **** piety under Dithmenos
   759 | D        | Noticed a trapdoor spider
   771 | D        | Killed a trapdoor spider
   771 | D        | Reached skill level 10 in Spellcasting
   920 | D        | Noticed a trapdoor spider
   922 | D        | Killed a trapdoor spider
   975 | D        | Noticed a killer bee
   975 | D        | Noticed a killer bee
   975 | D        | Noticed a killer bee
   976 | D        | Noticed a killer bee
   976 | D        | Noticed a killer bee
   976 | D        | Noticed a killer bee
   976 | D        | Noticed a killer bee
   976 | D        | Noticed a killer bee
   976 | D        | Noticed a killer bee
   976 | D        | Noticed a killer bee
   976 | D        | Noticed a killer bee
   976 | D        | Noticed a killer bee
   976 | D        | Noticed a killer bee
   976 | D        | Noticed a killer bee
   976 | D        | Noticed a killer bee
   976 | D        | Noticed a killer bee
   976 | D        | Noticed a killer bee
   976 | D        | Noticed a killer bee
   976 | D        | Noticed a killer bee
   976 | D        | Noticed a killer bee
   976 | D        | Noticed a killer bee
   976 | D        | Noticed a killer bee
   976 | D        | Noticed a killer bee
   976 | D        | Noticed a killer bee
   976 | D        | Noticed a killer bee
   976 | D        | Noticed a killer bee
   976 | D        | Noticed a queen bee
   976 | D        | Noticed a killer bee
   976 | D        | Noticed a killer bee
   976 | D        | Noticed a killer bee
   976 | D        | Noticed a killer bee
   976 | D        | Noticed a killer bee
   976 | D        | Noticed a killer bee
   981 | D        | Killed a killer bee
   991 | D        | Killed a killer bee
   993 | D        | Killed a killer bee
   993 | D        | Reached skill level 13 in Stealth
   995 | D        | Killed a killer bee
   995 | D        | Reached ***** piety under Dithmenos
   997 | D        | Killed a killer bee
   999 | D        | Killed a killer bee
  1001 | D        | Killed a killer bee
  1004 | D        | Killed a killer bee
  1006 | D        | Killed a killer bee
  1008 | D        | Killed a killer bee
  1012 | D        | Killed a killer bee
  1145 | D        | Killed a killer bee
  1147 | D        | Killed a killer bee
  1149 | D        | Killed a killer bee
  1153 | D        | Killed a killer bee
  1157 | D        | Killed a killer bee
  1159 | D        | Killed a killer bee
  1161 | D        | Killed a killer bee
  1163 | D        | Killed a killer bee
  1163 | D        | Reached ****** piety under Dithmenos
  1294 | D        | Killed a killer bee
  1295 | D        | Killed a killer bee
  1297 | D        | Killed a killer bee
  1301 | D        | Killed a killer bee
  1301 | D        | Reached skill level 5 in Fighting
  1303 | D        | Killed a killer bee
  1305 | D        | Killed a killer bee
  1307 | D        | Killed a killer bee
  1309 | D        | Killed a killer bee
  1309 | D        | Reached XP level 10. HP: 36/45 MP: 5/25
  1311 | D        | Killed a killer bee
  1319 | D        | Killed a killer bee
  1455 | D        | Killed a killer bee
  1462 | D        | Killed a killer bee
  1464 | D        | Killed a killer bee
  1472 | D        | Killed a queen bee
  1647 | D        | Noticed a wandering mushroom
  1648 | D        | Noticed a wandering mushroom
  1648 | D        | Noticed a wandering mushroom
  1649 | D        | Killed a wandering mushroom
  1653 | D        | Killed a wandering mushroom
  1653 | D        | Reached skill level 14 in Stealth
  1658 | D        | Killed a wandering mushroom
  1658 | D        | Reached skill level 10 in Short Blades
  1775 | D        | Noticed a spiny frog
  1775 | D        | Noticed a komodo dragon
  1775 | D        | Noticed a spiny frog
  1778 | D        | Killed a spiny frog
  1780 | D        | Killed a spiny frog
  1794 | D        | Killed a komodo dragon
  1794 | D        | Reached skill level 5 in Armour
  1794 | D        | Reached skill level 5 in Ice Magic
  2066 | D        | Noticed a redback
  2068 | D        | Killed a redback
  2069 | D        | Noticed a brain worm
  2072 | D        | Killed a brain worm
  2075 | D        | Noticed a brain worm
  2077 | D        | Killed a brain worm
  2083 | D        | Noticed a lindwurm
  2085 | D        | Noticed a redback
  2086 | D        | Killed a lindwurm
  2088 | D        | Killed a redback
  2088 | D        | Reached skill level 5 in Conjurations
  2092 | D        | Noticed a redback
  2093 | D        | Killed a redback
  2094 | D        | Noticed Maud
  2121 | D        | Killed Maud
  2121 | D        | Reached skill level 15 in Stealth
  2121 | D        | Reached skill level 5 in Necromancy
  2424 | D        | Noticed an electric eel
  2425 | D        | Noticed a four-headed hydra
  2425 | D        | Noticed a five-headed hydra
  2426 | D        | Killed an electric eel
  2428 | D        | Killed a four-headed hydra
  2428 | D        | Reached XP level 11. HP: 50/50 MP: 18/28
  2429 | D        | Killed a five-headed hydra
  2526 | D        | Noticed a death drake
  2529 | D        | Killed a death drake
  2536 | D        | Found a blossoming altar of Fedhas.
  2536 | D        | Noticed a spriggan
  2536 | D        | Noticed a spriggan druid
  2536 | D        | Noticed a spriggan
  2538 | D        | Killed a spriggan druid
  2539 | D        | Killed a spriggan
  2540 | D        | Killed a spriggan
  2572 | D        | Noticed a death drake
  2572 | D        | Noticed a swamp dragon skeleton
  2574 | D        | Killed a death drake
  2716 | D        | Noticed a death drake
  2717 | D        | Noticed a swamp dragon skeleton
  2717 | D        | Noticed a swamp dragon skeleton
  2717 | D        | Found Luguext's Antique Weapon Emporium.
  2717 | D        | Found Talair's Jewellery Shop.
  2774 | D        | Noticed a swamp drake
  2774 | D        | Noticed a fire drake
  2775 | D        | Killed a fire drake
  2777 | D        | Killed a swamp drake
  2784 | D        | Noticed a blink frog
  2784 | D        | Noticed a blink frog
  2785 | D        | Noticed a blink frog
  2785 | D        | Noticed a blink frog
  2785 | D        | Noticed a blink frog
  2786 | D        | Killed a blink frog
  2786 | D        | Reached skill level 16 in Stealth
  2799 | D        | Killed a blink frog
  2803 | D        | Killed a blink frog
  2818 | D        | Killed a blink frog
  2858 | D        | Killed a blink frog
  2975 | D        | Noticed Rupert
  2980 | D        | Killed Rupert
  2980 | D        | Reached skill level 15 in Dodging
  3007 | D        | Noticed a death yak
  3008 | D        | Noticed a death yak
  3008 | D        | Noticed a blink frog
  3009 | D        | Noticed an azure jelly
  3009 | D        | Noticed a death yak
  3009 | D        | Noticed an azure jelly
  3009 | D        | Noticed a blink frog
  3009 | D        | Noticed a death yak
  3010 | D        | Killed a death yak
  3010 | D        | Reached skill level 10 in Hexes
  3010 | D        | Reached skill level 10 in Translocations
  3011 | D        | Noticed a blink frog
  3019 | D        | Killed a blink frog
  3025 | D        | Killed a death yak
  3025 | D        | Reached skill level 10 in Charms
  3025 | D        | Reached XP level 12. HP: 55/55 MP: 7/30
  3160 | D        | Noticed a black mamba
  3165 | D        | Noticed a black mamba
  3167 | D        | Killed a black mamba
  3177 | D        | Killed a death yak
  3177 | D        | Reached skill level 17 in Stealth
  3308 | D        | Killed a black mamba
  3314 | D        | Killed a blink frog
  3453 | D        | Killed a blink frog
  3467 | D        | Killed a death yak
  3644 | D        | Noticed a snapping turtle
  3645 | D        | Noticed a kraken
  3646 | D        | Killed a snapping turtle
  3664 | D        | Killed a kraken
  3807 | D        | Noticed an alligator snapping turtle
  3807 | D        | Noticed a snapping turtle
  3808 | D        | Noticed a snapping turtle
  3808 | D        | Noticed a snapping turtle
  3808 | D        | Noticed a snapping turtle
  3808 | D        | Found Forre's Distillery.
  3808 | D        | Found Zusirios's Antique Armour Boutique.
  3808 | D        | Found Vostriavo's Gadget Shoppe.
  3809 | D        | Killed a snapping turtle
  3811 | D        | Killed an alligator snapping turtle
  3813 | D        | Killed a snapping turtle
  3817 | D        | Killed a snapping turtle
  3820 | D        | Killed a snapping turtle
  3834 | D        | Got a barnacled rune of Zot
  3881 | D        | Noticed an azure jelly
  3881 | D        | Noticed an azure jelly
  3882 | D        | Noticed an elephant
  3882 | D        | Noticed an elephant
  3882 | D        | Noticed a dire elephant
  3882 | D        | Noticed a dire elephant
  3882 | D        | Noticed Gastronok
  3949 | D        | Killed Gastronok
  3949 | D        | Reached skill level 18 in Stealth
  4141 | D        | Killed a dire elephant
  4290 | D        | Killed an elephant
  4292 | D        | Killed an elephant
  4345 | D        | Killed a dire elephant
  4836 | D        | Noticed an orc high priest
  4837 | D        | Noticed an orc wizard
  4837 | D        | Noticed an orc priest
  4837 | D        | Noticed an orc warrior
  4837 | D        | Noticed an orc knight
  4837 | D        | Noticed an orc wizard
  4837 | D        | Noticed an orc priest
  4837 | D        | Noticed an orc warrior
  4837 | D        | Noticed an orc warrior
  4837 | D        | Noticed an orc priest
  4837 | D        | Noticed an orc warrior
  4837 | D        | Found Jexefit's Jewellery Shop.
  4838 | D        | Killed an orc high priest
  4839 | D        | Killed an orc priest
  4849 | D        | Killed an orc warrior
  4857 | D        | Killed an orc warrior
  4864 | D        | Killed an orc warrior
  4877 | D        | Killed an orc wizard
  4879 | D        | Killed an orc priest
  4880 | D        | Killed an orc knight
  4923 | D        | Killed an orc warrior
  4959 | D        | Killed an orc wizard
  5152 | D        | Killed an orc priest
  5353 | D        | Noticed a deep elf priest
  5353 | D        | Noticed a deep elf knight
  5353 | D        | Noticed a deep elf priest
  5353 | D        | Noticed a deep elf knight
  5353 | D        | Noticed a deep elf summoner
  5360 | D        | Noticed a deep elf annihilator
  5361 | D        | Killed a deep elf priest
  5365 | D        | Noticed a deep elf annihilator
  5370 | D        | Killed a deep elf knight
  5370 | D        | Reached XP level 13. HP: 53/61 MP: 23/32
  5389 | D        | Killed a deep elf summoner
  5393 | D        | Killed a deep elf priest
  5398 | D        | Killed a deep elf knight
  5420 | D        | Killed from afar by a deep elf annihilator

Vault maps used:
D:        dungeon_sprint_mu

Action                   |  1- 3 |  4- 6 |  7- 9 | 10-12 | 13-15 || total
-------------------------+-------+-------+-------+-------+-------++-------
Melee: Dagger            |     8 |     7 |    59 |   612 |     9 ||   695
 Cast: Ensorcelled Hiber |     5 |       |    35 |    49 |     1 ||    90
       Confuse           |       |       |     2 |     3 |     1 ||     6
       Dazzling Spray    |       |       |     2 |    79 |     6 ||    87
       Shroud of Golubri |       |       |     2 |     3 |       ||     5
       Tukima's Dance    |       |       |       |     6 |     1 ||     7
Invok: Shadow Step       |       |       |     2 |    14 |       ||    16
  Use: Scroll            |       |     3 |       |       |       ||     3
       Potion            |       |     2 |       |     3 |       ||     5
 Stab: Sleeping          |     5 |     7 |    36 |    51 |       ||    99
       Confused          |       |       |     1 |       |       ||     1
       Invisible         |       |       |     1 |     8 |     2 ||    11
       Held in net/web   |       |       |     1 |       |       ||     1
       Distracted        |       |       |       |     1 |       ||     1
  Eat: Bread ration      |       |       |       |     1 |       ||     1
